 Dungeon Crawl Stone Soup version 0.21.1-1-g345015f (webtiles) character file.

28 vatarom the Grave Robber (level 2, -1/21 HPs)
             Began as a Demonspawn Necromancer on Mar 22, 2018.
             Slain by a hound (3 damage)
             ... on level 2 of the Dungeon.
             The game lasted 00:04:51 (1598 turns).

vatarom the Grave Robber (Demonspawn Necromancer)   Turns: 1598, Time: 00:04:52

Health: -1/21      AC:  4    Str: 10    XL:     2   Next: 96%
Magic:  0/5        EV: 12    Int: 18    God:
Gold:   46         SH:  0    Dex: 13    Spells: 3/5 levels left

rFire    . . .     SeeInvis .   e - +0 short sword
rCold    . . .     Gourm    .   (no shield)
rNeg     . . .     Faith    .   a - +0 robe
rPois    .         Spirit   .   (no helmet)
rElec    .         Reflect  .   (no cloak)
rCorr    .         Harm     .   h - +0 pair of gloves
MR       +....                  (no boots)
Stlth    ++........             (no amulet)
HPRegen  0.07/turn              (no ring)
MPRegen  0.09/turn              (no ring)

@: no status effects
A: rugged brown scales 1, blink, clever 1, magic resistance 1, strong 1
a: Blink


You were on level 2 of the Dungeon.
You were hungry.

You visited 1 branch of the dungeon, and saw 2 of its levels.

You collected 46 gold pieces.

Inventory:

Hand Weapons
 e - a +0 short sword (weapon)
Missiles
 d - 8 tomahawks (quivered)
Armour
 a - a +0 robe (worn)
 h - a +0 pair of gloves (worn)
Jewellery
 g - an uncursed ring of ice
Scrolls
 i - a scroll of identify
 j - a scroll of teleportation {unknown}
Books
 b - a book of Necromancy

   Spells                             Type                      Level
   a - Pain                           Necromancy                   1
   b - Animate Skeleton               Necromancy                   1
   c - Vampiric Draining              Necromancy                   3
   d - Regeneration                   Charms/Necromancy            3
   e - Animate Dead                   Necromancy                   4
   f - Borgnjor's Vile Clutch         Necromancy/Earth             5
Comestibles
 c - 5 rations


   Skills:
 * Level 1.5 Fighting
 - Level 1.7 Dodging
 - Level 1.7 Stealth
 + Level 2.2 Spellcasting
 * Level 4.8 Necromancy


You had 3 spell levels left.
You knew the following spells:

 Your Spells              Type           Power        Failure   Level  Hunger
a - Pain                  Necr           ###.         2%          1    #......
b - Animate Skeleton      Necr           N/A          2%          1    #......


Dungeon Overview and Level Annotations

Branches:
Dungeon (2/15)

Altars:


Innate Abilities, Weirdness & Mutations

You are partially covered in rugged brown scales. (AC +1, +3% HP)
You can translocate small distances at will.
Your mind is acute. (Int +2)
You are resistant to hostile enchantments. (MR+)
Your muscles are strong. (Str +2)


Message History

Press: ? - help, Shift-Dir - straight line, f/p - hound
Aim: a hound (lightly wounded, chance to defeat MR: 84%)
The hound writhes in agony!
The hound bites you but does no damage.
You aren't carrying any potions.
The hound barely misses you.
Casting: Pain
Confirm with . or Enter, or press ? or * to list all spells.
Aiming: Pain
Press: ? - help, Shift-Dir - straight line, f/p - hound
Aim: a hound (moderately wounded, chance to defeat MR: 84%)
The hound writhes in agony!
The hound bites you.
* * * LOW HITPOINT WARNING * * *
You aren't carrying any items that you can evoke.
You aren't carrying any potions.
You aren't carrying any potions.
As you read the scroll labeled QOICEI YNYIBLUO, it crumbles to dust.
It is a scroll of identify.
g - an uncursed ring of ice The hound bites you.
You die...

# #. #.### #...#
###########
#.#.####.@h.......
#...#.........####
#.8...8...8...#
#...#...#...#.#
#..###.###....#
#...#...#.....#
#.8...8...8.#.#
#...#...#.....#
#..###.###....


You could see a hound.

Vanquished Creatures
  A worm (D:2)
  A dart slug (D:1)
  A giant cockroach (D:1)
  2 goblins
  A hobgoblin (D:1)
  4 kobolds (D:1)
  A ball python (D:2)
  4 bats (D:1)
  4 rats (D:2)
19 creatures vanquished.

Vanquished Creatures (collateral kills)
  An ooze (D:1)
  A ball python (D:1)
2 creatures vanquished.

Grand Total: 21 creatures vanquished

Notes
Turn   | Place    | Note
-------+----------+-------------------------------------------
     0 | D:1      | vatarom the Demonspawn Necromancer began the quest for the Orb.
     0 | D:1      | Reached XP level 1. HP: 13/13 MP: 3/3
    41 | D:1      | Learned a level 1 spell: Animate Skeleton
   349 | D:1      | Gained mutation: You are partially covered in rugged brown scales. (AC +1, +3% HP) [demonic ancestry]
   349 | D:1      | Reached XP level 2. HP: 10/20 MP: 1/5
   543 | D:1      | Reached skill level 1 in Fighting
  1107 | D:2      | Gained mutation: Your muscles are strong. (Str +2) [potion of mutation]
  1107 | D:2      | Gained mutation: Your mind is acute. (Int +2) [potion of mutation]
  1107 | D:2      | Gained mutation: You can translocate small distances at will. [potion of mutation]
  1107 | D:2      | Gained mutation: You are resistant to hostile enchantments. (MR+) [potion of mutation]
  1598 | D:2      | Slain by a hound

Skill      XL: |  1  2 |
---------------+-------+-----
Fighting       | 1 |  1.5
Dodging        | |  1.7
Stealth        | |  1.7
Spellcasting   | |  2.2
Necromancy     | |  4.8

Action                   || total
-------------------------++-------
Melee: Unarmed           ||     2
       Short sword       ||    14
 Cast: Pain              ||    31
       Animate Skeleton  ||     9
 Abil: Blink             ||     1
  Use: Scroll            ||     3
       Potion            ||     2
 Stab: Sleeping          ||     2
  Eat: Chunk             ||     2
Armor: Robe              ||     5
Dodge: Dodged            ||    19
